 Dungeon Crawl Stone Soup version 0.19.5 (webtiles) character file.

49 raph the Firebug (level 3, -13/21 HPs)
             Began as a High Elf Fire Elementalist on Mar 6, 2017.
             Blown up by Ijyb (22 damage)
             ... with a wand of disintegration
             ... on level 2 of the Dungeon.
             The game lasted 00:02:46 (2033 turns).

raph the Firebug (High Elf Fire Elementalist)       Turns: 2033, Time: 00:02:46

Health: -13/21     AC:  2    Str:  7    XL:     3   Next: 51%
Magic:  0/8        EV: 13    Int: 19    God:
Gold:   44         SH:  0    Dex: 16    Spells: 3 memorised, 1 level left

rFire  + . .     SeeInvis .     k - -1 short sword (curse)
rCold  x . .     Gourm    .     a - +0 robe
rNeg   . . .     Faith    .     (no shield)
rPois  .         Spirit   .     (no helmet)
rElec  .         Reflect  .     (no cloak)
rCorr  .         Harm     .     (no gloves)
MR     .....                    (no boots)
Stlth  +++.......               (no amulet)
                                i - ring of fire
                                l - ring of stealth (curse)

@: very slightly contaminated
A: no striking features
a: no special abilities


You were on level 2 of the Dungeon.
You were not hungry.

You visited 1 branch of the dungeon, and saw 2 of its levels.

You collected 44 gold pieces.

Inventory:

Hand Weapons
 k - a cursed -1 short sword (weapon)
 m - a +2 dagger of holy wrath
Armour
 a - a +0 robe (worn)
Jewellery
 g - an uncursed ring of see invisible
 i - a ring of fire (right hand)
 l - a cursed ring of stealth (left hand)
Scrolls
 j - a scroll of teleportation {unknown}
 o - a scroll of immolation {unknown}
Potions
 e - a potion of cancellation {unknown}
 n - 2 potions of brilliance {unknown}
Books
 b - a book of Flames

   Spells                             Type                      Level
   a - Flame Tongue                   Conjuration/Fire             1
   b - Throw Flame                    Conjuration/Fire             2
   c - Conjure Flame                  Conjuration/Fire             3
   d - Inner Flame                    Hexes/Fire                   3
   e - Sticky Flame                   Conjuration/Fire             4
   f - Fireball                       Conjuration/Fire             5
Comestibles
 c - 2 bread rations
 d - 2 chunks of flesh
 f - a meat ration
 h - a royal jelly


   Skills:
 + Level 2.5 Dodging
 + Level 2.4 Stealth
 + Level 2.7 Spellcasting
 * Level 2.2 Conjurations
 * Level 3.6 Fire Magic


You had one spell level left.
You knew the following spells:

 Your Spells              Type           Power        Failure   Level  Hunger
a - Flame Tongue          Conj/Fire      ###..        6%          1    None
b - Throw Flame           Conj/Fire      ###...       10%         2    ##.....
c - Conjure Flame         Conj/Fire      ###.....     14%         3    ###....


Dungeon Overview and Level Annotations

Branches:
Dungeon (2/15)

Altars:

Annotations:
D:2 Ijyb, Robin


Message History

Aim: Ijyb, wielding an enchanted club and carrying a wand of disintegration {zapped: 2} (moderately wounded)
You feel a surge of power!
You miscast Flame Tongue.
Nothing appears to happen.
Ijyb hits you with an enchanted club.
You barely miss Ijyb.
Ijyb is moderately wounded.
Ijyb hits you with an enchanted club.
You hit Ijyb.
Ijyb is moderately wounded.
Ijyb zaps a wand.
You barely resist. You closely miss Ijyb.
Ijyb is moderately wounded.
Ijyb misses you.
You closely miss Ijyb.
Ijyb is moderately wounded.
Ijyb barely misses you.
You barely miss Ijyb.
Ijyb is moderately wounded.
Ijyb zaps a wand.
You are blasted!
Ouch! That really hurt!
You die...

#.##....................#
.... #..................#
.#...#..................#
. .#.#.............<...(#
##....................#
##..........(......)%#
#...................#
#.........##.##.#####
##........##@##.#
#........##g#..#
##.########l.?## #. #..#
.. .... ... ..... ...
..... ... .......


You could see Ijyb and a leopard gecko.

Vanquished Creatures
  An ooze (D:2)
  A dart slug (D:1)
  2 leopard geckos
  7 bats
  2 giant cockroaches (D:2)
  7 goblins
  4 hobgoblins (D:1)
  A jackal (D:2)
  3 quokkas (D:2)
  A ball python (D:1)
  3 kobolds (D:1)
  3 rats (D:1)
35 creatures vanquished.

Notes
Turn   | Place    | Note
-------+----------+-------------------------------------------
     0 | D:1      | raph the High Elf Fire Elementalist began the quest for the Orb.
     0 | D:1      | Reached XP level 1. HP: 11/11 MP: 4/4
   516 | D:1      | Reached XP level 2. HP: 17/17 MP: 4/6
   549 | D:1      | Learned a level 2 spell: Throw Flame
  1588 | D:2      | Reached XP level 3. HP: 21/21 MP: 2/7
  1649 | D:2      | Noticed Robin
  1981 | D:2      | Learned a level 3 spell: Conjure Flame
  2017 | D:2      | Noticed Ijyb
  2033 | D:2      | Blown up by Ijyb

Skill      XL: |  1  2 |
---------------+-------+-----
Conjurations   | 2 |  2.2
Dodging        | |  2.5
Stealth        | |  2.4
Spellcasting   | |  2.7
Fire Magic     | |  3.6

Action                   || total
-------------------------++-------
Melee: Short sword       ||    12
 Cast: Flame Tongue      ||    47
       Throw Flame       ||    12
  Use: Scroll            ||     1
  Eat: Chunk             ||     4
Armor: Robe              ||     7
Dodge: Dodged            ||    26
